 Dungeon Crawl Stone Soup version 0.29.1 (webtiles) character file.

Game seed: 6329522098179748537

79 lmSkywalker the Chopper (level 4, 0/37 HPs)
             Began as a Palentonga Fighter on Sept 14, 2022.
             Slain by a gnoll
             ... wielding a +0 halberd
              (7 damage)
             ... on level 2 of the Dungeon.
             The game lasted 00:07:48 (2042 turns).

lmSkywalker the Chopper (Palentonga Fighter)        Turns: 2042, Time: 00:07:49

Health: 0/37       AC:  8    Str: 24    XL:     4   Next: 16%
Magic:  4/4        EV:  7    Int:  8    God:
Gold:   67         SH:  4    Dex:  9    Spells: 3/3 levels left

rFire   . . .      SeeInvis +   a - +0 war axe
rCold   . . .      Faith    .   c - +0 buckler
rNeg    . . .      Spirit   .   b - +0 scale mail
rPois   .          Reflect  .   n - +0 helmet
rElec   .          Harm     .   (no cloak)
rCorr   .          Rampage  .   j - +0 pair of gloves
Will    .....                   (no barding)
Stlth   ..........              (no amulet)
HPRegen 0.12/turn               (no ring)
MPRegen 0.09/turn               (no ring)

@: no status effects
A: large, rugged brown scales 3, see invisible, deformed body, roll 1, armoured
tail
a: Rolling Charge


You were on level 2 of the Dungeon.
You visited 1 branch of the dungeon, and saw 2 of its levels.

You collected 67 gold pieces.

Inventory:

Hand Weapons
 a - a +0 war axe (weapon)
 h - a +2 short sword of holy wrath
Armour
 b - a +0 scale mail (worn)
 c - a +0 buckler (worn)
 j - a +0 pair of gloves (worn)
 n - a +0 helmet (worn)
Scrolls
 e - a scroll of torment {unknown}
 f - 3 scrolls of noise {unknown}
 g - a scroll of butterflies {unknown}
 i - a scroll of blinking {unknown}
 k - a scroll of fear {unknown}
 l - a scroll of magic mapping {unknown}
 m - a scroll of identify {unknown}
Potions
 d - a potion of might


   Skills:
 - Level 3.0 Fighting
 + Level 4.5 Axes
 - Level 2.4 Armour
 - Level 2.6 Shields


You had 3 spell levels left.
You didn't know any spells.
Your spell library contained the following spells:

 Spells                   Type           Power      Damage    Failure   Level
 Static Discharge         Conj/Air       0%         3-3/arc   90%         2
 Ignite Poison            Fire/Tmut/Pois 0%         N/A       99%         3
 Mephitic Cloud           Conj/Pois/Air  0%         N/A       99%         3
 Freezing Cloud           Conj/Ice/Air   0%         6-21      100%        5
 Lightning Bolt           Conj/Air       0%         1d11      100%        5
 Maxwell's Capacitive Co  Air            0%         ∞         100%        8


Dungeon Overview and Level Annotations

Branches:
Dungeon (2/15)

Altars:


Innate Abilities, Weirdness & Mutations

You are completely covered in rugged brown scales. (AC +3, +7% HP)
You have supernaturally acute eyesight. (SInv)
Armour fits poorly on your strangely shaped body.
You can roll at nearby foes to attack.
You have a long armoured tail.


Message History

As you open the door, it creaks loudly!
You see here the +1 ring mail of Stained Brilliance {Harm rN+ Will+}.
There is an open door here.
A gnoll comes into view. It is wielding a +0 club.
There's nothing you can charge at!
There is an open door here.
The gnoll throws a stone.
The stone closely misses you.
The gnoll throws a stone.
You block the stone.
The gnoll throws a stone.
The stone hits you.
Roll where?
Press: ? - help, Q - select action Dir - move target, f - gnoll
Aim: a gnoll, wielding a +0 club and quivering stones You roll forward with a clatter of scales!
A gnoll comes into view. It is wielding a +0 halberd.
You barely miss the gnoll.
The gnoll shouts! x2
The gnoll hits you but does no damage.
The gnoll throws a stone.
The stone hits you.
The gnoll throws a stone.
The stone hits you.
Roll where?
Press: ? - help, Q - select action Dir - move target, f/p - gnoll
Aim: a gnoll, wielding a +0 club and quivering stones You roll forward with a clatter of scales!
You closely miss the gnoll.
You tail-slap the gnoll, but do no damage.
The gnoll hits you but does no damage.
You slash the gnoll!
The gnoll is almost dead.
The gnoll hits you from afar with a +0 halberd!
The gnoll hits you with a +0 club.
The gnoll hits you but does no damage. x2
The gnoll barely misses you.
You hit the gnoll.
You kill the gnoll!
The gnoll hits you from afar with a +0 halberd!
* * * LOW HITPOINT WARNING * * *
The gnoll hits you from afar with a +0 halberd!
* * * LOW HITPOINT WARNING * * *
There is an escape hatch in the ceiling here.
The gnoll hits you from afar with a +0 halberd!
You die...

#.#########..........#..)........
#÷#....................#.########
#.#.############.##......#
........... #.##.#.#..#
#.#.####### #.##.#....# ..#...
#......#.##
.######################.#
......................#.#########
...........g..g.@...........>....
##.................##.#.####.####
##...............#.##.#.# #.#
..##############.#.##.#.# #.#
.............# #.#.##.#.# #.#
g....#######.###)#.##.#.# #.#
.....'.# #.......##.#.# #.#
.....#.# #####.####.#.####.####
.....#.######....# #.#..........


You could see 2 gnolls.

Vanquished Creatures
  Robin (D:2)
  A gnoll (D:2)
  2 worms (D:2)
  A dart slug (D:2)
  2 bats (D:1)
  3 endoplasms (D:2)
  2 giant cockroaches
  9 goblins
  7 hobgoblins
  3 kobolds
  2 quokkas (D:1)
  8 ball pythons
  3 frilled lizards
  2 rats (D:1)
46 creatures vanquished.

Notes
Turn   | Place    | Note
-------+----------+-------------------------------------------
     0 | D:1      | lmSkywalker the Palentonga Fighter began the quest for the
                  | Orb.
     0 | D:1      | Reached XP level 1. HP: 19/19 MP: 1/1
   148 | D:1      | Reached XP level 2. HP: 25/25 MP: 2/2
   179 | D:1      | Reached skill level 3 in Axes
   966 | D:2      | Reached XP level 3. HP: 31/31 MP: 3/3
  1169 | D:2      | Noticed Robin
  1192 | D:2      | Killed Robin
  1194 | D:2      | Reached skill level 4 in Axes
  1955 | D:2      | Reached XP level 4. HP: 37/37 MP: 4/4
  1977 | D:2      | Identified the +1 ring mail of Stained Brilliance {Harm rN+
                  | Will+}
  2042 | D:2      | Slain by a gnoll

Illustrated notes

Levels and vault maps discovered:
D:1:      onia_arrival_pentagram, layout_basic
D:2:      layout_basic, kennysheep_generic_room_4, uniq_robin

Skill      XL: |  1  2  3 |
---------------+----------+-----
Axes           | 3 4 |  4.5
Fighting       | |  3.0
Armour         | |  2.4
Shields        | |  2.6

Action                   |  1- 3 |  4- 6 || total
-------------------------+-------+-------++-------
Melee: War axe           |    29 |     4 ||    33
       Tailslap          |    13 |     1 ||    14
       Short sword       |    63 |       ||    63
 Abil: Rolling Charge    |    31 |     2 ||    33
  Use: Potion            |     1 |       ||     1
Armor: Scale mail        |    29 |     4 ||    33
Dodge: Dodged            |    18 |     2 ||    20
Block: Buckler           |     5 |     1 ||     6
